 Dungeon Crawl Stone Soup version 0.28-a0-1435-g82390b3a13 (webtiles) character file.

Game seed: 5144976417722665887

244886 MacCMillion the Warrior (level 20, -3/150 (166) HPs)
             Began as a Formicid Fighter on Jan 9, 2022.
             Was the Champion of Okawaru.
             Slain by a war gargoyle (27 damage)
             ... led by a peacekeeper
             ... on level 1 of the Vaults on Jan 10, 2022.
             The game lasted 03:28:09 (48270 turns).

MacCMillion the Warrior (Formicid Fighter)         Turns: 48270, Time: 03:28:10

HP:   -3/150 (166)  AC: 33    Str: 34    XL:     20   Next: 24%
MP:   30/30         EV:  9    Int:  9    God:    Okawaru [******]
Gold: 2584          SH: 19    Dex: 10    Spells: 19/19 levels left

rFire   + . .      SeeInvis +   a - +7 executioner's axe (flame)
rCold   x . .      Faith    .   c - +2 tower shield
rNeg    . . .      Spirit   .   h - +8 plate armour of Wrong Decisions {Str+3}
rPois   +          Reflect  .   (helmet unavailable)
rElec   +          Harm     .   r - +1 cloak "Winlil" {Rampage rElec Slay+3}
rCorr   .          Rampage  +   f - +0 pair of gloves
Will    +++..                   m - +2 pair of boots
Stlth   ..........              v - amulet of regeneration
HPRegen 1.15/turn               U - ring of willpower
MPRegen 0.22/turn               S - ring of Xelaesm {rPois rF+ rC- Str+2 SInv}

@: drained
A: permanent stasis, dig shafts and tunnels, antennae 3, four strong arms,
subdued magic 1
}: 2/15 runes: decaying, gossamer
a: Dig, Shaft Self, Renounce Religion, Heroism, Finesse, Duel


You were on level 1 of the Vaults.
You worshipped Okawaru.
Okawaru was exalted by your worship.
You visited 7 branches of the dungeon, and saw 33 of its levels.
You also visited: Ossuary.

You collected 4629 gold pieces.
You spent 2045 gold pieces at shops.

Inventory:

Hand Weapons
 a - a +7 executioner's axe of flaming (weapon)
 s - the +11 mace of the Hungering Ass {drain, Str+4}
   (You found it on level 6 of the Dungeon)

   A truly terrible weapon, it drains the life of any living foe it strikes.
   Str:       It affects your strength (+4).
 Y - a +6 trident of holy wrath
Missiles
 g - 7 silver javelins
 j - a boomerang of dispersal
 l - 5 silver boomerangs
 n - 117 poisoned darts (quivered)
 L - 6 curare-tipped darts
 M - 6 atropa-tipped darts
 N - 14 javelins
 R - 10 datura-tipped darts
 T - 2 throwing nets
Armour
 c - a +2 tower shield (worn)
 f - a +0 pair of gloves (worn)
 h - the +8 plate armour of Wrong Decisions (worn) {Str+3}
   (Okawaru gifted it to you on level 12 of the Dungeon)

   Str:       It affects your strength (+3).
 m - a +2 pair of boots (worn)
 r - the +1 cloak "Winlil" (worn) {Rampage rElec Slay+3}
   (You found it on level 4 of the Dungeon)

   Slay:      It affects your accuracy & damage with ranged weapons and melee
   (+3).
   rElec:     It insulates you from electricity.
   Rampage:   It bestows one free step when moving towards enemies.
Jewellery
 v - an amulet of regeneration (around neck)
 S - the ring of Xelaesm (right hand) {rPois rF+ rC- Str+2 SInv}
   (You bought it in a shop on level 7 of the Dungeon)

   [ring of see invisible]

   Str:       It affects your strength (+2).
   rF:        It protects you from fire.
   rC:        It makes you vulnerable to cold.
   rPois:     It protects you from poison.
   SInv:      It lets you see invisible.
 U - a ring of willpower (left hand)
 V - a +4 ring of protection
 X - a ring of protection from cold
 Z - a ring of poison resistance
Wands
 o - a wand of digging (18)
 q - a wand of acid (45)
 H - a wand of flame (82)
 O - a wand of iceblast (15)
Scrolls
 e - a scroll of fog
 k - a scroll of torment
 t - 6 scrolls of immolation
 w - 2 scrolls of holy word
 y - 7 scrolls of enchant armour
 A - 6 scrolls of amnesia
 G - 3 scrolls of fear
 I - 17 scrolls of identify
 P - a scroll of silence
 W - 6 scrolls of magic mapping
Potions
 b - 3 potions of invisibility
 d - 7 potions of might
 i - 8 potions of flight
 u - 4 potions of lignification
 x - 3 potions of resistance
 z - 3 potions of attraction
 B - 3 potions of cancellation
 C - 9 potions of curing
 D - 2 potions of berserk rage
 E - a potion of magic
 F - 5 potions of ambrosia
 J - 4 potions of brilliance
 K - 3 potions of mutation
Miscellaneous
 p - a lightning rod (4/4)


   Skills:
 + Level 16.7 Fighting
 * Level 16.0(17.1) Axes
 - Level 9.3(13.7) Maces & Flails
 - Level 3.9(11.1) Polearms
 + Level 10.5 Throwing
 + Level 16.5 Armour
 - Level 5.0 Dodging
 - Level 15.0 Shields
 + Level 13.9 Invocations
 + Level 6.9 Evocations


You had 19 spell levels left.
You didn't know any spells.
Your spell library contained the following spells:

 Spells                   Type           Power      Damage    Failure   Level
 Apportation              Tloc           0%         N/A       99%         1
 Pain                     Necr           0%         1d4       99%         1
 Slow                     Hex            0%         N/A       99%         1
 Sting                    Tmut/Pois      0%         1d3       99%         1
 Corpse Rot               Necr/Air       0%         N/A       100%        2
 Ensorcelled Hibernation  Hex/Ice        0%         N/A       100%        2
 Passwall                 Tmut/Erth      0%         N/A       100%        2
 Poisonous Vapours        Pois/Air       0%         N/A       100%        2
 Static Discharge         Conj/Air       0%         N/A       100%        2
 Sublimation of Blood     Necr           0%         N/A       100%        2
 Confusing Touch          Hex            0%         N/A       100%        3
 Ozocubu's Armour         Ice            0%         N/A       100%        3
 Stone Arrow              Conj/Erth      0%         3d7       100%        3
 Vampiric Draining        Necr           0%         2d6       100%        3
 Dispel Undead            Necr           0%         3d6       100%        4
 Olgreb's Toxic Radiance  Pois           0%         N/A       100%        4
 Passage of Golubria      Tloc           0%         N/A       100%        4
 Petrify                  Tmut/Erth      0%         N/A       100%        4
 Sticky Flame             Conj/Fire      0%         2d3       100%        4
 Agony                    Necr           0%         N/A       100%        5
 Alistair's Intoxication  Tmut/Pois      0%         N/A       100%        5
 Excruciating Wounds      Necr           0%         N/A       100%        5
 Irradiate                Conj/Tmut      0%         3d13      100%        5
 Metabolic Englaciation   Hex/Ice        0%         N/A       100%        5
 Yara's Violent Unravell  Hex/Tmut       0%         3d3       100%        5
 Statue Form              Tmut/Erth      0%         N/A       100%        6
 Enfeeble                 Hex            0%         N/A       100%        7
 Lehudib's Crystal Spear  Conj/Erth      0%         10d2      100%        8
 Swiftness                Air            Unusable   N/A       N/A         3
 Tukima's Dance           Hex            Unusable   N/A       N/A         3
 Animate Armour           Summ/Erth      Unusable   N/A       N/A         4
 Death Channel            Necr           Unusable   N/A       N/A         6
 Simulacrum               Ice/Necr       Unusable   N/A       N/A         6

Dungeon Overview and Level Annotations

Branches:
Dungeon (15/15)            Temple (1/1) D:5            Lair (6/6) D:8
  Swamp (4/4) Lair:3       Spider (4/4) Lair:3        Slime (0/5) Lair:5
    Orc (2/2) D:11            Elf (0/3) Orc:2        Vaults (1/5) D:13
 Depths (0/4) D:15        Ossuary (visited)

Altars:
Ashenzari
Cheibriados
Dithmenos
Elyvilon
Fedhas
Gozag
Hepliaklqana
Kikubaaqudgha
Makhleb
Nemelex Xobeh
Okawaru
Qazlal
Ru
Sif Muna
Trog
Uskayaw
Vehumet
Wu Jian
Xom
Yredelemnul
Zin
The Shining One

Shops:
D:3 *   D:7 *=![(   D:8 *   Orc:2 *(*[:(*(   Vaults:1 =

Annotations:
D:12 3 runed translucent doors, wpisznazwe's ghost, journeyman TeFi
Orc:1 1 transporter, 3 runed translucent doors, kelmiir's ghost, journeyman GnIE


Innate Abilities, Weirdness & Mutations

You cannot be hasted, slowed, berserked, paralysed or teleported.
You can dig through walls and to a lower floor.
You have a pair of large antennae on your head. (SInv)
Your four strong arms can wield two-handed weapons with a shield.
Your spells are a little easier to cast, but a little less powerful.


Message History

You block the peacekeeper's attack.
The war gargoyle launches metal splinters at you.
The spray of metal splinters hits you! You block the peacekeeper's attack.
The peacekeeper claws you but does no damage.
You barely miss the war gargoyle. You slash the peacekeeper!
You block the war gargoyle's attack. You block the peacekeeper's attack.
The peacekeeper claws you but does no damage.
The phantasmal warrior gestures at you.
The phantasmal warrior blinks!
The war gargoyle hits you but does no damage.
You feel drained. The peacekeeper closely misses you.
The peacekeeper claws you but does no damage.
You carve the war gargoyle like a ham!!!
You burn the war gargoyle.
The war gargoyle is severely damaged.
You closely miss the phantasmal warrior.
You slash the peacekeeper!
You destroy the peacekeeper!
Okawaru accepts your kill.
The phantasmal warrior closely misses you.
The crystal guardian fires a crystalline bolt at you.
The crystal bolt freezes you!!!
You feel a terrible chill!
* * * LOW HITPOINT WARNING * * *
The crystal bolt freezes the phantasmal warrior!
The phantasmal warrior resists.
You block the war gargoyle's attack.
You block the phantasmal warrior's attack.
The war gargoyle launches metal splinters at you.
The spray of metal splinters hits you but does no damage.
Are you sure you want to shaft yourself?
Okay, then.
Are you sure you want to shaft yourself?
The war gargoyle hits you with a +2 flail of draining!!
* * * LOW HITPOINT WARNING * * *
You feel drained.
* * * LOW HITPOINT WARNING * * *
You block the phantasmal warrior's attack.
You block the crystal guardian's attack.
You begin to dig a shaft.
You continue digging a shaft.
The war gargoyle hits you with a +2 flail of draining!!
You die...

#...........#
#..#######..# #..# {
{#..# ######..# #..#
## .....'..#{ +..# ...
.....#..# #..# ...
.....#..#{ {#..# ..#
.....#..#######..#...#
.....#.........W@9.#
.....#..........9#.#
.....############# ..
##### ##


You could see a crystal guardian (strong), a war gargoyle (strong, catching
breath) and a phantasmal warrior.

Vanquished Creatures
  Mara (Swamp:4)
  Jorgrun (Arena)
  2 thorn hunters (Swamp:4)
  Gastronok (D:8)
  8 emperor scorpions
  A fire giant (D:12)
  An orc warlord (Orc:1)
  6 ghost moths
  3 ironbound preservers
  Louise (D:14)
  A stone giant (D:15)
  3 eleionomae
  A hydra skeleton (Swamp:4)
  2 vampire knights (Swamp:4)
  A bunyip (shapeshifter) (D:12)
  6 bunyips
  3 spark wasps
  4 entropy weavers
  An ettin (Orc:1)
  Snorg (D:11)
  5 shambling mangroves
  A yaktaur captain (D:12)
  2 fire dragons (Lair:6)
  Josephine (Swamp:1)
  A jorogumo (Spider:4)
  A peacekeeper (Vaults:1)
  Erolcha (Orc:1)
  23 hydras
  An ogre mage (D:15)
  5 boulder beetles
  3 centaur warriors
  2 radroaches
  12 alligators
  11 two-headed ogres
  4 tengu warriors
  Urug (Lair:6)
  3 orc high priests (Orc:2)
  10 spriggans
  Sonja (D:11)
  4 goliath frogs
  6 pharaoh ants
  4 skeletal warriors (D:12)
  A sun moth (Spider:1)
  3 steelbarb worms
  9 deep trolls (Vaults:1)
  2 spectral hydras (Swamp:4)
  5 spriggan druids
  6 swamp dragons
  10 orb spiders
  6 bog bodies
  A phantasmal warrior (Swamp:4)
  5 orc knights
  An ironbound convoker (Vaults:1)
  A necromancer (Lair:6)
  2 wizards (D:15)
  3 lindwurms
  12 ugly things
  23 wolf spiders
  6 cyclopes
  4 orc sorcerers
  6 deep elf pyromancers
  3 oklob plants (Swamp:4)
  Maurice (Orc:1)
  4 manticores
  2 vault sentinels (Vaults:1)
  17 elephants
  4 moths of wrath
  5 black mambas
  Maggie (D:7)
  5 gargoyles
  14 torpor snails
  14 demonic crawlers
  2 freezing wraiths
  14 cane toads
  3 yaktaurs (Vaults:1)
  A kobold demonologist (D:11)
  An unseen horror (D:13)
  3 rime drakes
  14 komodo dragons
  6 hydra zombies
  11 trolls
  A tengu conjurer (D:12)
  A bloated husk (Swamp:3)
  3 polar bears
  3 death drake zombies (Swamp:4)
  12 meliai
  21 tarantellas
  18 tyrant leeches
  12 slime creatures
  40 blink frogs
  13 dream sheep
  22 hornets
  2 death drake skeletons (Swamp:4)
  42 jumping spiders
  3 shadows
  A vampire (D:10)
  17 culicivoras
  Eustachio (D:6)
  20 yaks
  6 wraiths
  2 wyverns
  37 redbacks
  2 steam dragons
  18 vampire mosquitoes
  4 basilisks
  A swamp worm (shapeshifter) (D:12)
  5 wargs
  12 swamp worms
  8 water moccasins
  4 hydra simulacra (Swamp:4)
  6 acid dragons
  Duvessa (D:7)
  6 swamp drakes
  26 orc warriors
  A hornet zombie (D:7)
  An ice beast (D:7)
  A necrophage (D:7)
  A black bear (Lair:1)
  20 wolves
  12 ogres
  4 boggarts
  8 centaurs
  2 swamp dragon skeletons (Swamp:4)
  A phantom (D:6)
  4 kobold brigands
  14 bullfrogs
  A gnoll sergeant (D:12)
  6 scorpions (Ossuary)
  A wyvern zombie (D:6)
  Dowan (D:7)
  5 wights (D:8)
  4 electric eels
  9 howler monkeys
  3 crimson imps (D:14)
  7 centaur zombies
  A hound (D:5)
  4 human zombies (Ossuary)
  21 orc priests
  2 jellies (D:5)
  20 iguanas
  A centaur skeleton (D:5)
  29 orc wizards
  6 scorpion zombies (Ossuary)
  7 hell rats (Lair:1)
  A yak simulacrum (Lair:6)
  3 killer bee zombies
  4 polar bear simulacra (Lair:6)
  4 wolf simulacra (Lair:6)
  3 mummies (Ossuary)
  A howler monkey zombie (D:9)
  10 gnolls
  6 adders
  2 shadow imps
  7 white imps
  An adder skeleton (D:4)
  5 dart slugs
  66 orcs
  9 ball pythons
  5 bats
  10 endoplasms
  4 giant cockroaches
  A gnoll zombie (Ossuary)
  8 goblins
  4 hobgoblins
  16 kobolds
  4 quokkas
  16 frilled lizards
  2 goblin zombies (Ossuary)
  3 hobgoblin zombies (Ossuary)
  2 kobold zombies (Ossuary)
  2 orc zombies (Ossuary)
  2 rats
  4 river rat simulacra (Lair:6)
1153 creatures vanquished.

Vanquished Creatures (others)
  A fire giant (D:12)
  A tarantella (Spider:4)
  39 fungi
  93 plants
134 creatures vanquished.

Grand Total: 1287 creatures vanquished

Notes
Turn   | Place    | Note
-------+----------+-------------------------------------------
     0 | D:1      | MacCMillion the Formicid Fighter began the quest for the
                  | Orb.
     0 | D:1      | Reached XP level 1. HP: 18/18 MP: 1/1
    70 | D:1      | Reached XP level 2. HP: 17/24 MP: 2/2
   284 | D:1      | Reached XP level 3. HP: 29/29 MP: 3/3
   334 | D:1      | You fall into a shaft and drop 1 floor!
   706 | D:2      | Reached XP level 4. HP: 37/37 MP: 4/4
  1049 | D:3      | Reached XP level 5. HP: 42/42 MP: 5/5
  1244 | D:3      | Identified the +1 chain mail "Keifinge" {rC+}
  1312 | D:3      | Found Mulas's General Store.
  1318 | D:3      | Bought a scroll of identify for 22 gold pieces
  1753 | D:3      | Reached XP level 6. HP: 32/49 MP: 6/6
  2573 | D:4      | Reached skill level 5 in Armour
  2619 | D:4      | Identified the +1 cloak "Winlil" {Rampage rElec Slay+3}
  2635 | D:4      | Reached skill level 5 in Fighting
  2938 | D:4      | Identified the +1 robe "Xeproh" {rElec rN+ Regen+ Dex+4}
  2950 | D:4      | Found a sand-covered staircase.
  2956 | Ossuary  | Entered an ossuary
  2973 | Ossuary  | Reached skill level 1 in Axes
  2973 | Ossuary  | Reached skill level 1 in Dodging
  2973 | Ossuary  | Reached XP level 7. HP: 56/56 MP: 7/7
  3348 | Ossuary  | Reached XP level 8. HP: 55/64 MP: 8/8
  4054 | D:5      | Entered Level 5 of the Dungeon
  4242 | D:5      | Found a bloodstained altar of Trog.
  4257 | D:5      | Found a staircase to the Ecumenical Temple.
  4267 | Temple   | Entered the Ecumenical Temple
  4410 | Temple   | Became a worshipper of Warmaster Okawaru
  4645 | D:5      | Reached XP level 9. HP: 61/72 MP: 9/9
  5335 | D:5      | Reached skill level 1 in Invocations
  5432 | D:6      | Reached skill level 5 in Axes
  5537 | D:6      | Reached * piety under Okawaru
  5715 | D:6      | Identified the +11 mace of the Hungering Ass {drain, Str+4}
  5740 | D:6      | Identified the +2 spear of the Blessed Realm {vorpal,
                  | Fragile rElec rN+++ Str+6}
  6001 | D:6      | Found a white marble altar of Elyvilon.
  6008 | D:6      | Found a sacrificial altar of Ru.
  6068 | D:6      | Noticed Eustachio
  6087 | D:6      | Killed Eustachio
  6088 | D:6      | Reached skill level 1 in Maces & Flails
  6088 | D:6      | Reached skill level 5 in Dodging
  6251 | D:7      | Noticed a four-headed hydra
  6253 | D:7      | Found Seismoll's Jewellery Shoppe.
  6261 | D:7      | Killed a four-headed hydra
  6261 | D:7      | Reached ** piety under Okawaru
  6269 | D:7      | Reached XP level 10. HP: 55/82 MP: 10/13
  6545 | D:7      | Found Kaoxay's Armour Emporium.
  6741 | D:7      | Found Tutepiel's Weapon Shop.
  6779 | D:7      | Found a sparkling altar of Nemelex Xobeh.
  6797 | D:7      | Noticed Duvessa
  6799 | D:7      | Noticed Dowan
  6804 | D:7      | Killed Duvessa
  6805 | D:7      | Killed Dowan
  6856 | D:7      | Found Wupuf's Distillery.
  6865 | D:7      | Bought a potion of cancellation for 104 gold pieces
  6865 | D:7      | Bought a potion of curing for 39 gold pieces
  6917 | D:7      | Noticed Maggie
  6932 | D:7      | Killed Maggie
  6932 | D:7      | Reached *** piety under Okawaru
  6933 | D:7      | Reached skill level 1 in Throwing
  6933 | D:7      | Reached skill level 5 in Invocations
  6989 | D:7      | Found Kamm's Assorted Antiques.
  7205 | D:8      | Noticed Gastronok
  7206 | D:8      | Noticed a two-headed ogre
  7295 | D:7      | HP: 4/83 [two-headed ogre (10)]
  7738 | D:7      | Killed a two-headed ogre
  8022 | D:8      | Found a staircase to the Lair.
  8301 | D:7      | Bought 3 atropa-tipped darts for 28 gold pieces
  8383 | D:3      | Bought a scroll of identify for 22 gold pieces
  8383 | D:3      | Bought a scroll of identify for 22 gold pieces
  8491 | D:8      | Killed Gastronok
  8491 | D:8      | Reached **** piety under Okawaru
  8492 | D:8      | Reached skill level 5 in Maces & Flails
  8593 | D:8      | Reached XP level 11. HP: 89/89 MP: 15/15
  8629 | D:8      | Reached ***** piety under Okawaru
  8680 | D:8      | Found Qarcha Ziph's Gadget Gallery.
  9330 | D:9      | Found a broken altar of Ashenzari.
  9477 | D:9      | Noticed a boulder beetle
  9496 | D:9      | You fall into a shaft and drop 1 floor!
  9496 | D:10     | Entered Level 10 of the Dungeon
  9994 | D:10     | Identified a scroll of acquirement
 10540 | D:9      | You fall into a shaft and drop 2 floors!
 10955 | Lair:1   | Entered Level 1 of the Lair of Beasts
 10955 | Lair:1   | You fall into a shaft and drop 1 floor!
 11117 | Lair:2   | Noticed a seven-headed hydra
 11132 | Lair:2   | Killed a seven-headed hydra
 11133 | Lair:2   | Reached skill level 10 in Fighting
 11133 | Lair:2   | Reached skill level 1 in Evocations
 11337 | Lair:2   | Acquired 874 gold pieces
 11391 | Lair:1   | Received a gift from Okawaru
 11415 | D:8      | Received a gift from Okawaru
 11944 | D:8      | Bought a wand of acid (3) for 196 gold pieces
 11984 | D:7      | Bought the ring of Xelaesm {rPois rF+ rC- Str+2 SInv} for
                  | 395 gold pieces
 12021 | Lair:1   | Reached XP level 12. HP: 94/97 MP: 17/17
 12268 | Lair:1   | Received a gift from Okawaru
 13154 | Lair:1   | Noticed a five-headed hydra
 13169 | Lair:1   | Reached ****** piety under Okawaru
 13173 | Lair:1   | Killed a five-headed hydra
 13454 | Lair:2   | Received a gift from Okawaru
 14794 | Lair:3   | Noticed a five-headed hydra
 14815 | Lair:3   | Killed a five-headed hydra
 15290 | Lair:3   | Received a gift from Okawaru
 15502 | Lair:3   | Reached skill level 5 in Evocations
 15943 | Lair:3   | Reached XP level 13. HP: 77/106 MP: 19/19
 16115 | Lair:3   | Reached skill level 10 in Armour
 16118 | Lair:3   | Reached skill level 10 in Invocations
 16276 | Lair:3   | Identified the +3 crystal plate armour of Radarr {Int+3}
                  | (Okawaru gifted it to you on level 3 of the Lair of Beasts)
 16276 | Lair:3   | Received a gift from Okawaru
 16517 | Lair:3   | Found a hole to the Spider Nest.
 17127 | Lair:3   | Reached skill level 5 in Throwing
 17281 | Lair:3   | Found a staircase to the Swamp.
 18702 | Lair:4   | Identified the +0 chain mail of Oxzyix {rC++ Str+6}
                  | (Okawaru gifted it to you on level 4 of the Lair of Beasts)
 18702 | Lair:4   | Received a gift from Okawaru
 19020 | Lair:5   | Reached XP level 14. HP: 86/116 MP: 22/22
 19232 | Lair:5   | Found a staircase to the Slime Pits.
 20315 | Lair:6   | Entered Level 6 of the Lair of Beasts
 20406 | Lair:6   | Noticed Urug
 21134 | Lair:6   | Killed Urug
 21528 | Lair:6   | Received a gift from Okawaru
 22001 | Lair:6   | Found a runed translucent door.
 22165 | Lair:6   | Identified the +4 scale mail of the Ancient Towns {rF++
                  | rCorr Str+3 Int-2} (Okawaru gifted it to you on level 6 of
                  | the Lair of Beasts)
 22165 | Lair:6   | Received a gift from Okawaru
 23012 | Lair:6   | Reached XP level 15. HP: 66/126 MP: 18/24
 23752 | Lair:6   | Identified the +5 hand axe of Dullness {pain, Int+2}
 25116 | D:9      | Found a snail-covered altar of Cheibriados.
 25484 | D:11     | Noticed Snorg
 25494 | D:11     | Killed Snorg
 25500 | D:11     | Noticed Sonja
 25513 | D:11     | Killed Sonja
 26079 | D:11     | Found a staircase to the Orcish Mines.
 26271 | D:11     | Received a gift from Okawaru
 26649 | D:7      | Bought a ring of willpower for 325 gold pieces
 27524 | D:12     | Identified the +8 plate armour of Wrong Decisions {Str+3}
                  | (Okawaru gifted it to you on level 12 of the Dungeon)
 27524 | D:12     | Received a gift from Okawaru
 27562 | D:11     | Reached skill level 15 in Fighting
 27973 | D:12     | Noticed a fire giant
 28120 | D:12     | Noticed an acid blob
 28127 | D:12     | an acid blob changed into an eleionoma
 28222 | Orc:1    | Entered Level 1 of the Orcish Mines
 28337 | Orc:1    | Found a transporter.
 28337 | Orc:1    | Noticed an orc warlord
 28338 | Orc:1    | Noticed an orc warlord
 28435 | Orc:2    | Entered Level 2 of the Orcish Mines
 28678 | Orc:2    | Found Loaxur's Assorted Antiques.
 28686 | Orc:2    | Found a staircase to the Elven Halls.
 28694 | Orc:2    | Bought a granite ring for 145 gold pieces
 28872 | D:12     | Noticed a stone giant
 28875 | D:12     | Noticed an azure jelly
 28875 | D:12     | a stone giant changed into an azure jelly
 28877 | D:12     | an azure jelly changed into a catoblepas
 28882 | D:12     | Noticed an emperor scorpion
 28882 | D:12     | a catoblepas changed into an emperor scorpion
 28886 | D:12     | an emperor scorpion changed into a minotaur
 28889 | D:12     | Noticed a storm dragon
 28889 | D:12     | a minotaur changed into a storm dragon
 28893 | D:12     | Noticed a ghost moth
 28893 | D:12     | a storm dragon changed into a ghost moth
 29241 | Orc:2    | Found Nicoq's Assorted Antiques.
 29275 | Orc:2    | Bought a potion of heal wounds for 155 gold pieces
 29275 | Orc:2    | Bought a scroll of enchant weapon for 232 gold pieces
 29280 | Orc:2    | Found Lajad's Antique Weapon Boutique.
 30153 | Orc:1    | Noticed Erolcha
 30178 | Orc:1    | Killed Erolcha
 30398 | Orc:1    | Found a runed translucent gate.
 30398 | Orc:1    | Found a runed translucent gate.
 30400 | Orc:1    | Found a runed translucent gate.
 30401 | Orc:1    | Found an opulent altar of Gozag.
 30408 | Orc:1    | Noticed kelmiir's ghost (journeyman GnIE)
 30476 | Orc:1    | Noticed Maurice
 30495 | Orc:1    | Killed Maurice
 30757 | Orc:2    | Found Uloeblah's Weapon Boutique.
 30873 | Orc:2    | Noticed an orc warlord
 31121 | Orc:1    | Killed an orc warlord
 31289 | Orc:2    | Reached XP level 16. HP: 108/136 MP: 25/25
 31484 | Orc:2    | Identified the +0 ring mail of the Lumpy Beggars {rN+
                  | Regen+ Str-4} (Okawaru gifted it to you on level 2 of the
                  | Orcish Mines)
 31484 | Orc:2    | Received a gift from Okawaru
 32060 | Orc:2    | Found Egyffori's General Store.
 32061 | Orc:2    | Found Ticoeref's Book Emporium.
 32118 | Orc:2    | Found Lesuwin's Antique Armour Emporium.
 32118 | Orc:2    | Found Joymm's Antique Weapon Shoppe.
 32384 | Orc:2    | Bought an amulet of regeneration for 360 gold pieces
 32535 | D:12     | Found a runed translucent gate.
 32535 | D:12     | Found a runed translucent gate.
 32535 | D:12     | Found a runed translucent gate.
 32537 | D:12     | Noticed wpisznazwe's ghost (journeyman TeFi)
 32586 | D:12     | Noticed a fire giant
 32597 | D:12     | Killed a fire giant
 32603 | D:12     | Reached skill level 10 in Axes
 32607 | D:12     | Noticed a fire giant
 32614 | D:12     | Killed a fire giant
 33942 | D:13     | Found a gate to the Vaults.
 33957 | D:13     | Reached skill level 15 in Armour
 34706 | D:14     | Noticed Jorgrun
 34711 | Arena    | Entered the Arena
 34717 | Arena    | Killed Jorgrun
 34717 | Arena    | Identified the +4 rapier of Wusiduip {vorpal, Str+7 Int-4
                  | SInv} (Okawaru gifted it to you in the Arena)
 34717 | Arena    | Received a gift from Okawaru
 34846 | D:14     | Noticed Louise
 34859 | D:14     | Killed Louise
 35554 | D:15     | Entered Level 15 of the Dungeon
 35576 | D:15     | Reached skill level 5 in Shields
 35794 | D:15     | Reached XP level 17. HP: 90/142 MP: 26/26
 36588 | D:15     | Found a staircase to the Depths.
 36593 | D:15     | Received a gift from Okawaru
 36743 | D:15     | Found a glowing silver altar of Zin.
 37222 | Spider:1 | Entered Level 1 of the Spider Nest
 37436 | Spider:1 | Received a gift from Okawaru
 37751 | Spider:1 | Reached skill level 10 in Shields
 38034 | Spider:1 | Received a gift from Okawaru
 38878 | Spider:2 | Identified the +3 ring mail "Dofacas" {rElec SInv}
 39805 | Spider:2 | Reached XP level 18. HP: 56/149 MP: 27/27
 39832 | Spider:2 | Gained mutation: Your spells are a little easier to cast,
                  | but a little less powerful. [mutagenic glow]
 39974 | Spider:3 | Received a gift from Okawaru
 40188 | Spider:3 | Received a gift from Okawaru
 40833 | Spider:4 | Entered Level 4 of the Spider Nest
 40865 | Spider:4 | Reached skill level 15 in Shields
 41068 | Spider:4 | Received a gift from Okawaru
 41643 | Spider:4 | Identified the +0 pair of gloves of Cusimer {rF+ rC- Int+4}
                  | (Okawaru gifted it to you on level 4 of the Spider Nest)
 41643 | Spider:4 | Received a gift from Okawaru
 43103 | Spider:4 | Got a gossamer rune of Zot
 43684 | Swamp:1  | Entered Level 1 of the Swamp
 43700 | Swamp:1  | Received a gift from Okawaru
 43782 | Swamp:1  | Reached XP level 19. HP: 128/157 MP: 28/28
 44132 | Swamp:1  | Noticed Josephine
 44153 | Swamp:1  | Killed Josephine
 44969 | Swamp:2  | Reached skill level 15 in Axes
 45211 | Swamp:2  | Received a gift from Okawaru
 45588 | Swamp:3  | Noticed Mara
 45603 | Swamp:3  | Noticed MacCMillion's illusion
 45609 | Swamp:4  | Entered Level 4 of the Swamp
 45627 | Swamp:4  | Noticed MacCMillion's illusion
 45633 | Swamp:4  | Killed Mara
 45979 | Swamp:4  | Received a gift from Okawaru
 46057 | Swamp:4  | Received a gift from Okawaru
 46058 | Swamp:4  | Reached skill level 10 in Throwing
 46063 | Swamp:4  | Identified the +3 scale mail "Jywenier" {Int+4}
 46644 | Swamp:4  | Received a gift from Okawaru
 46667 | Swamp:4  | Reached XP level 20. HP: 11/166 MP: 24/30
 46818 | Swamp:4  | Received a gift from Okawaru
 46898 | Swamp:4  | Found a blossoming altar of Fedhas.
 46906 | Swamp:4  | Found a basalt altar of Yredelemnul.
 46914 | Swamp:4  | Identified the +5 pair of gloves of Greed {Rampage rN+}
 46921 | Swamp:4  | Got a decaying rune of Zot
 47571 | Vaults:1 | Entered Level 1 of the Vaults
 48215 | Vaults:1 | Found Ivokucod's Jewellery Shoppe.
 48270 | Vaults:1 | Slain by a war gargoyle

Illustrated notes

Levels and vault maps discovered:
D:1:      heliophobic_arrival_ceremonial_halls, layout_rooms, serial_shops,
          shop, hellmonk_ecumenical_altar_leap_of_faith,
          hangedman_abyss_or_decor_lesser_grid
D:2:      layout_loops_cross, minmay_distorted
D:3:      layout_basic, serial_shops, nicolae_shop_statue_plus
D:4:      layout_rooms, nicolae_ossuary_entry_plus
D:5:      layout_loops_ring, bloody_trog, minmay_temple_entry_ruins
D:6:      layout_loops_ring, amethyst_overflow_temple_binary, uniq_eustachio
D:7:      layout_basic, lemuel_coloured_pillars_altar, serial_shops,
          nicolae_stop_n_shop_1, nicolae_shop_crystal, shop,
          nicolae_stop_n_shop_1, nicolae_shop_bloodbath_and_beyond,
          nrook_mini_backslash, uniq_maggie, uniq_duvessa
D:8:      layout_loops_ring, lair_entry_dummy, nicolae_shop_gadgets,
          uniq_gastronok
D:9:      layout_irregular_city, mainiacjoe_overflow_24_doors,
          nicolae_ashenzari_panopticon, minmay_circle_x
D:10:     layout_basic
D:11:     layout_loops_ring, orc_0_dummy, uniq_sonja, uniq_snorg
D:12:     thingy_vault, layout_long_grid, maelrawn_ghost_gauntlet_escape,
          kennysheep_generic_room_15
D:13:     layout_rooms, skrybe_vaults_entry_preservation
D:14:     layout_loops_cross, minmay_staircase_statues_hall_small,
          minmay_nine_imps, uniq_louise, uniq_jorgrun
D:15:     grunt_enter_depths_snipers, layout_stronghold, zin_angel,
          minmay_misc_feat_tiny
Temple:   nicolae_temple_elliptical
Lair:1:   layout_regular_city, grunt_megastairs_1, serial_bayou_shore_a
Lair:2:   lemuel_reptile_caves, layout_regular_city,
          nicolae_quartered_pool_super
Lair:3:   layout_loops_ring, nicolae_swamp_entry_splash_gauntlet,
          nicolae_spider_entry_tight_spaces
Lair:4:   layout_long_grid
Lair:5:   layout_cave_pods, slime_dummy, serial_bayou_pond_c, grunt_megastairs_5
Lair:6:   wormcave, layout_gridlike, guppyfry_lair_end_dragon,
          portal_ice_cave_entry_ice_simulacra, eino_house_with_fridge,
          lemuel_fruit_fields, lemuel_fruit_fields, uniq_urug
Swamp:1:  nicolae_swamp_decorative_isthmus, layout_basic_swamp,
          hangedman_swamp_cone, uniq_josephine
Swamp:2:  layout_falls_marsh, evilmike_swamp_ruin_house_5,
          nicolae_swamp_necromancy_gone_wrong
Swamp:3:  layout_falls_marsh, evilmike_swamp_ruin_house_2, uniq_mara
Swamp:4:  byrel_swamp_growth_death_and_undeath, layout_basic_swamp, swamp_pool2
Spider:1: layout_cave_pods, nicolae_crawler_farm
Spider:2: layout_spider_delve, hangedman_spider_tarantella_strand
Spider:3: layout_spider_delve, guppyfry_hornet_nest
Spider:4: guppyfry_spider_rune
Orc:1:    gammafunk_beogh_shrine, layout_caves, ebering_ghost_gozag,
          uniq_erolcha, uniq_maurice
Orc:2:    st_orc_congregation, layout_caves, serial_shops,
          nicolae_shop_hallway_plus, shop, shop, nicolae_shop_stone
Vaults:1: ontoclasm_vaults_loading_screen, ontoclasm_vaults_bender,
          vaults_room_semicircle, vaults_room_semicircle, vaults_dpeg_diagonal,
          hangedman_vaults_snaps, hangedman_vaults_pinch, v_misc_32,
          nicolae_vaults_asterisk, v_misc_19, nicolae_vaults_big_ls,
          layout_vaults_omnibox, serial_shops, nicolae_diamond_shop

Skill      XL: |  1  2  3  4  5  6  7  8  9 10 11 12 13 14 15 16 17 18 19 20 |
---------------+-------------------------------------------------------------+-----
Shields        | 4 5 13 15 | 15.0
Armour         | 4 5 7 8 9 11 12 14 15 16 | 16.5
Fighting       | 4 5 6 7 8 9 10 11 12 14 15 16 | 16.7
Polearms       | 3 |  3.9
Axes           | 1 2 4 5 9 12 13 14 15 16 | 16.0
Dodging        | 1 2 4 5 |  5.0
Invocations    | 4 6 7 9 11 13 | 13.9
Maces & Flails | 2 5 7 9 |  9.3
Throwing       | 3 4 6 8 9 10 | 10.5
Evocations     | 2 5 6 |  6.9

Action                   |  1- 3 |  4- 6 |  7- 9 | 10-12 | 13-15 | 16-18 | 19-21 || total
-------------------------+-------+-------+-------+-------+-------+-------+-------++-------
Melee: Trident           |    79 |   155 |       |       |       |    37 |       ||   271
       Hand axe          |       |    40 |   256 |       |       |       |       ||   296
       Mace              |       |       |    32 |   478 |   744 |    14 |    12 ||  1280
       Executioner's axe |       |       |       |       |   244 |   973 |   479 ||  1696
Throw: Dart              |       |       |       |    24 |    16 |    11 |     7 ||    58
       Javelin           |       |       |       |     1 |     1 |       |     1 ||     3
       Boomerang         |       |       |       |       |       |     2 |       ||     2
Invok: Heroism           |       |       |     1 |     1 |     1 |     1 |     1 ||     5
       Finesse           |       |       |       |       |     8 |     4 |     1 ||    13
       Duel              |       |       |       |       |       |     1 |       ||     1
 Abil: Shaft Self        |       |       |       |     2 |       |       |     1 ||     3
Evoke: Wand              |       |       |       |     1 |     6 |       |     2 ||     9
  Use: Scroll            |       |     8 |     5 |    11 |     7 |     2 |     1 ||    34
       Potion            |       |       |       |     3 |     4 |     4 |     2 ||    13
 Stab: Distracted        |       |     1 |       |       |       |       |     1 ||     2
Armor: Scale mail        |    27 |    22 |       |       |       |       |       ||    49
       Chain mail        |       |    68 |   163 |   263 |   279 |       |       ||   773
       Crystal plate arm |       |       |       |       |   444 |   369 |       ||   813
       Plate armour      |       |       |       |       |       |   605 |   487 ||  1092
Dodge: Dodged            |    23 |    60 |   107 |   243 |   412 |   380 |   191 ||  1416
Block: Buckler           |     9 |    26 |    44 |   110 |   215 |    57 |       ||   461
       Tower shield      |       |       |       |       |       |   938 |   560 ||  1498

Table legend: (Time is in decaauts)
 A = Elapsed time spent in this place.
 B = Non-inter-level travel time spent in this place.
 C = Inter-level travel time spent in this place.
 D = Time resting spent in this place.
 E = Time spent auto-exploring this place.
 F = Levels seen in this place.
 G = Mean time per level.
                   A        B        C        D        E       F      G
               +--------+--------+--------+--------+--------+-----+--------+
         Total |  49200 |  44940 |   4260 |  11833 |  20978 |  35 | 1405.7 |
       Dungeon |  20218 |  18137 |   2081 |   4765 |   8568 |  15 | 1347.9 |
        Temple |    172 |    141 |     31 |      0 |    118 |   1 |  172.0 |
          Lair |  12973 |  11794 |   1179 |   2796 |   6585 |   6 | 2162.2 |
         Swamp |   3998 |   3851 |    147 |    946 |   1336 |   4 |  999.5 |
   Spider Nest |   6474 |   5922 |    552 |   1359 |   2549 |   4 | 1618.5 |
  Orcish Mines |   3826 |   3622 |    204 |   1682 |   1127 |   2 | 1913.0 |
        Vaults |    707 |    643 |     64 |    100 |    401 |   1 |  707.0 |
       Ossuary |    806 |    806 |      0 |    167 |    293 |   1 |  806.0 |
         Arena |     22 |     22 |      0 |     17 |      0 |   1 |   22.0 |
               +--------+--------+--------+--------+--------+-----+--------+

Top non-repeatable levels by time:
  Lair:6: 3417 daAuts
  Lair:3: 2951 daAuts
Spider:4: 2591 daAuts
    D:11: 2562 daAuts
     D:8: 2397 daAuts
   Orc:1: 2373 daAuts
  Lair:5: 1890 daAuts
  Lair:2: 1803 daAuts
    D:12: 1792 daAuts
Spider:1: 1641 daAuts
 Swamp:4: 1577 daAuts
  Lair:4: 1535 daAuts
    D:15: 1475 daAuts
     D:3: 1455 daAuts
   Orc:2: 1453 daAuts
